 Dungeon Crawl Stone Soup version 0.20-a0-1114-g33edf32 (webtiles) character file.

122 Ijustatesigmund the Skirmisher (level 5, -4/34 HPs)
             Began as a Gargoyle Fighter on May 6, 2017.
             Slain by an ogre
             ... wielding a +0 giant spiked club
              (13 damage)
             ... on level 3 of the Dungeon.
             The game lasted 00:05:14 (1878 turns).

Ijustatesigmund the Skirmisher (Gargoyle Fighter)   Turns: 1878, Time: 00:05:15

Health: -4/34      AC: 18    Str: 20    XL:     5   Next: 6%
Magic:  5/5        EV:  3    Int:  8    God:
Gold:   155        SH:  9    Dex: 13    Spells: 4/4 levels left

rFire    . . .     SeeInvis .   a - +2 flail
rCold    . . .     Gourm    .   c - +0 shield
rNeg     + . .     Faith    .   r - +0 plate armour (curse)
rPois    ∞         Spirit   .   k - +0 helmet
rElec    +         Reflect  .   o - +1 cloak
rCorr    .         Harm     .   (no gloves)
MR       .....                  (no boots)
Stlth    ..........             (no amulet)
Regen    0.2/turn               h - +3 ring of dexterity
MPRegen  0.1/turn               (no ring)

@: no status effects
A: negative energy resistance 1, electricity resistance, unbreathing,
petrification resistance, rot immunity, AC +4
a: no special abilities


You were on level 3 of the Dungeon.
You were not hungry.

You visited 1 branch of the dungeon, and saw 3 of its levels.

You collected 155 gold pieces.

Inventory:

Hand Weapons
 a - a +2 flail (weapon)
Armour
 b - a +0 scale mail
 c - a +0 shield (worn)
 k - a +0 helmet (worn)
 o - a +1 cloak (worn)
 r - a cursed +0 plate armour (worn)
Jewellery
 h - a +3 ring of dexterity (left hand)
Wands
 q - a wand of flame (48/48)
Scrolls
 i - 4 scrolls of remove curse
 j - a scroll of teleportation
 p - a scroll of blinking
Potions
 d - a potion of curing
 e - 2 potions of brilliance
 l - 2 potions of lignification
 m - a potion of haste {unknown}
 n - 2 potions of degeneration {unknown}
 s - a potion of flight {unknown}
Comestibles
 f - 4 bread rations
 g - 3 meat rations


   Skills:
 + Level 4.7 Fighting
 * Level 4.0 Maces & Flails
 - Level 3.2 Armour
 - Level 3.2 Shields


You had 4 spell levels left.
You didn't know any spells.

Dungeon Overview and Level Annotations

Branches:
Dungeon (3/15)

Altars:
Elyvilon
Hepliaklqana


Innate Abilities, Weirdness & Mutations

You are resistant to torment.
Your stone body is resilient. (AC +4)
You are immune to poison.
You resist negative energy. (rN+)
You are resistant to electric shocks. (rElec)
You can survive without breathing.
You are immune to petrification.
You are immune to rotting.


Message History

The ogre hits you with a giant spiked club!
* * * LOW HITPOINT WARNING * * *
You are too injured to fight recklessly!
You are too injured to fight recklessly!
You are too injured to fight recklessly!
You are too injured to fight recklessly!
You are too injured to fight recklessly!
You are too injured to fight recklessly!
You are too injured to fight recklessly!
You closely miss the ogre.
The ogre is heavily wounded.
The ogre hits you with a giant spiked club.
* * * LOW HITPOINT WARNING * * *
You hit the ogre but do no damage.
The ogre is heavily wounded.
The ogre completely misses you.
You barely miss the ogre.
The ogre is heavily wounded.
The ogre hits you with a giant spiked club!
You die...

........).....+.......#
..............##...#######
#####.#.......#..........#
####....#######.#..#####.###
........# #.#..........##
........#######.#......#....#
............|...#..###.###..#
...........#......>##.......#
#.##)......#....@O.##..####.#
...........#................#
...###.....#.........#.######
...# #..)..#####.#.#.#.# ...#
#...............#.# ...#
#...............#.# ...#
#...............#.#
...###...............#.#
...#.................#.###


You could see an ogre.

Vanquished Creatures
  Ijyb (D:3)
  Terence (D:2)
  An adder (D:3)
  A worm (D:3)
  2 dart slugs
  4 leopard geckos
  A ball python (D:3)
  3 bats
  6 giant cockroaches
  9 goblins
  3 hobgoblins
  6 jackals
  A frilled lizard (D:2)
  4 kobolds (D:3)
  5 rats
48 creatures vanquished.

Notes
Turn   | Place    | Note
-------+----------+-------------------------------------------
     0 | D:1      | Ijustatesigmund the Gargoyle Fighter began the quest for the Orb.
     0 | D:1      | Reached XP level 1. HP: 14/14 MP: 1/1
   218 | D:1      | Reached XP level 2. HP: 16/19 MP: 2/2
   594 | D:2      | Found a hazy altar of Hepliaklqana.
   751 | D:2      | Noticed Terence
   754 | D:2      | Killed Terence
   754 | D:2      | Reached XP level 3. HP: 21/24 MP: 3/3
   766 | D:2      | Found a white marble altar of Elyvilon.
  1194 | D:3      | Reached XP level 4. HP: 29/29 MP: 4/4
  1722 | D:3      | Noticed Ijyb
  1742 | D:3      | Killed Ijyb
  1742 | D:3      | Reached XP level 5. HP: 33/34 MP: 5/5
  1868 | D:3      | Noticed an ogre
  1878 | D:3      | Slain by an ogre

Vault maps used:
D:1:      dpeg_arrival_boxes_within_box
D:2:      nicolae_overflow_hidden_temple, nicolae_overflow_crystal_walls,
          uniq_terence
D:3:      kennysheep_goblin_castle

Skill      XL: |  1  2  3  4  5 |
---------------+----------------+-----
Fighting       | 4 |  4.7
Maces & Flails | 3 4 |  4.0
Armour         | |  3.2
Shields        | |  3.2

Action                   |  1- 3 |  4- 6 || total
-------------------------+-------+-------++-------
Melee: Flail             |    68 |   102 ||   170
  Use: Scroll            |     9 |     2 ||    11
       Potion            |     1 |       ||     1
  Eat: Chunk             |     1 |     2 ||     3
Armor: Scale mail        |    39 |    13 ||    52
       Plate armour      |       |    70 ||    70
Dodge: Dodged            |    23 |    30 ||    53
Block: Shield            |    34 |    73 ||   107
